 Dungeon Crawl Stone Soup version 0.31-a0-193-gdfe2569204 (webtiles) character file.

Game seed: 7381256254684768273

14 qw the Shooter (level 2, 0/16 HPs)
             Began as a Deep Elf Hunter on June 23, 2023.
             Succumbed to a kobold's poison
             ... on level 1 of the Dungeon.
             The game lasted 00:00:05 (217 turns).

qw the Shooter (Deep Elf Hunter)                     Turns: 217, Time: 00:00:05

Health: 0/16       AC:  3    Str:  8    XL:     2   Next: 31%
Magic:  4/4        EV: 12    Int: 13    God:
Gold:   7          SH:  0    Dex: 18    Spells: 1/1 levels left

rFire   . . .        a - +0 shortbow
rCold   . . .        (shield currently unavailable)
rNeg    . . .        c - +0 leather armour
rPois   .            (no helmet)
rElec   .            (no cloak)
rCorr   .            (no gloves)
SInv    .            (no boots)
Will    .....        (no amulet)
Stlth   ++           (no ring)
HPRegen 0.22/turn    (no ring)
MPRegen 0.09/turn

%: no passive effects
@: lethally poisoned (0 -> -13)
A: no striking features
a: no special abilities


You were on level 1 of the Dungeon.
You visited 1 branch of the dungeon, and saw 1 of its levels.

You collected 7 gold pieces.


   Skills:
 - Level 1.5 Fighting
 + Level 6.1 Ranged Weapons
 - Level 2.4 Dodging
 - Level 1.2 Stealth


You had one spell level left.
You didn't know any spells.
Your spell library was empty.

Inventory:

Hand Weapons
 a - a +0 shortbow (weapon)
Armour
 c - a +0 leather armour (worn)
Scrolls
 b - a scroll of butterflies
Potions
 d - a potion of lignification {unknown}

Dungeon Overview and Level Annotations

Branches:
Dungeon (1/15)

Altars:


Message History

You open the door.
There is an open door here.
An endoplasm comes into view.
Enter note: You shoot an arrow.
The arrow hits the endoplasm!
You kill the endoplasm!
A goblin comes into view. It is wielding a +0 dagger.
Found a lumpy purple potion.
Enter note: You shoot an arrow.
The arrow hits the goblin but does no damage.
You shoot an arrow. The arrow hits the goblin.
You kill the goblin!
d - a lumpy purple potion
Enter note: A bat comes into view.
Enter note: You shoot an arrow.
The arrow hits the bat.
You kill the bat!
You see here a bat corpse.
A kobold comes into view.
It is wielding a +1 short sword of venom.
Enter note: You shoot an arrow.
The arrow hits the kobold but does no damage.
The kobold shouts!
You shoot an arrow. The arrow completely misses the kobold.
The kobold hits you with a +1 short sword of venom.
You are poisoned.
You shoot an arrow. The arrow closely misses the kobold.
You feel very sick. The kobold barely misses you.
You shoot an arrow. The arrow barely misses the kobold.
You feel sick.
The kobold hits you with a +1 short sword of venom.
You are lethally poisoned!
You shoot an arrow. The arrow hits the kobold.
You kill the kobold!
You feel very sick.
There is a lethal amount of poison in your body!
You die...

## #. #. ####.
#.... #########
#.... #.)......
#.... #@# #....
#.# # ##.... #.#
#####.###.....
#.###............#
#.........###....#
#...#.##..# ####.#
#....%....# ##'#
##..#..#..# ##...
#..##.#..# ##....


There were no monsters in sight!

Vanquished Creatures
  3 bats (D:1)
  An endoplasm (D:1)
  A goblin (D:1)
  A hobgoblin (D:1)
  4 jackals (D:1)
  A kobold (D:1)
11 creatures vanquished.

Notes
Turn   | Place    | Note
-------+----------+-------------------------------------------
     0 | D:1      | qw the Deep Elf Hunter began the quest for the Orb.
     0 | D:1      | Reached XP level 1. HP: 12/12 MP: 3/3
     0 | D:1      | 0 ||| qw: Version: 0.3-a-9-g12657ce
     0 | D:1      | 0 ||| qw: Game counter: 4639
     0 | D:1      | 0 ||| qw: Always use a shield: true
     0 | D:1      | 0 ||| qw: God list: Okawaru
     0 | D:1      | 0 ||| qw: Allow faded altars: false
     0 | D:1      | 0 ||| qw: Do Orc after D:15 true
     0 | D:1      | 0 ||| qw: Do second Lair branch before Depths: true
     0 | D:1      | 0 ||| qw: Lair rune preference: random
     0 | D:1      | 0 ||| qw: Plans: Normal
     0 | D:1      | 0 ||| PLANNING D:1-11
    93 | D:1      | Reached XP level 2. HP: 15/16 MP: 4/4
    97 | D:1      | Reached skill level 6 in Ranged Weapons
   216 | D:1      | HP: 3/16 [poisoned by a kobold]
   217 | D:1      | Succumbed to a kobold's poison

Levels and vault maps discovered:
D:1:      nagdon_arrival_double_spiral, layout_loops_corners, serial_shops,
          shop, hellmonk_ecumenical_altar_defaced_shrine, st_stairs_8,
          dreamdust_wishing_well, grunt_decor_fettered

Skill      XL: |  1  2 |
---------------+-------+-----
Ranged Weapons | 6 |  6.1
Fighting       | |  1.5
Dodging        | |  2.4
Stealth        | |  1.2

Action                     || total
---------------------------++-------
   Fire: Shortbow          ||    27
 Armour: Leather armour    ||     4
  Dodge: Dodged            ||    17

Table legend:
 A = Non-vault XP
 B = Vault XP
 C = Vault XP percentage of total XP
 D = Non-vault monster count
 E = Vault monster count
 F = Vault count percentage of total count
                 A         B        C        D         E       F
            +---------+---------+-------+---------+---------+-------
      Total |      15 |       6 |  28.6 |       8 |       3 |  27.3
            +---------+---------+-------+---------+---------+-------
        D:1 |      15 |       6 |  28.6 |       8 |       3 |  27.3
            +---------+---------+-------+---------+---------+-------
